 Dungeon Crawl Stone Soup version 0.18.1-48-g4cf74bf (webtiles) character file.

10881 theElss the Thaumaturge (level 11, -6/72 HPs)
             Began as a High Elf Conjurer on July 4, 2016.
             Was a Believer of Vehumet.
             Mangled by a skeletal warrior
             ... wielding a +0 flail of protection
              (15 damage)
             ... on level 10 of the Dungeon.
             The game lasted 01:01:30 (15149 turns).

theElss the Thaumaturge (High Elf Conjurer)        Turns: 15149, Time: 01:01:32

Health: -6/72      AC: 10    Str:  9    XL:     11   Next: 42%
Magic:  0/30       EV: 13    Int: 23    God:    Vehumet [**....]
Gold:   617        SH:  5    Dex: 16    Spells: 5 memorised, 24 levels left

rFire  . . .     SeeInvis +     I - +1 flail (protect)
rCold  . . .     Gourm    +     a - +0 robe
rNeg   . . .     Faith    .     w - +0 buckler
rPois  .         Spirit   .     (no helmet)
rElec  .         Dismiss  .     F - +1 cloak
rCorr  .         Reflect  .     (no gloves)
SustAt .         Harm     .     C - +0 pair of boots
MR     +....                    N - amulet of the gourmand
Stlth  ++........               U - ring of see invisible
                                q - +2 ring of intelligence

@: somewhat resistant to hostile enchantments, unstealthy
A: no striking features
a: Renounce Religion


You were on level 10 of the Dungeon.
You worshipped Vehumet.
Vehumet was pleased with you.
You were full.

You visited 2 branches of the dungeon, and saw 11 of its levels.

You collected 617 gold pieces.

Inventory:

Hand Weapons
 I - a +1 flail of protection (weapon)
Armour
 a - a +0 robe (worn)
 w - a +0 buckler (worn)
 C - a +0 pair of boots (worn)
 F - a +1 cloak (worn)
Jewellery
 k - an uncursed amulet of magic regeneration
 q - a +2 ring of intelligence (left hand)
 r - an uncursed ring of protection from cold
 N - an amulet of the gourmand (around neck)
 U - a ring of see invisible (right hand)
Wands
 t - a wand of heal wounds (5/9)
 D - a wand of lightning (5/15)
 K - a wand of iceblast (11/15)
 R - a wand of random effects (16/48)
 S - a wand of digging (9/24)
 W - a wand of enslavement (6/24)
Scrolls
 d - 3 scrolls of teleportation {unknown}
 f - 4 scrolls of random uselessness {unknown}
 j - 4 scrolls of fog {unknown}
 o - 4 scrolls of remove curse
 p - 4 scrolls of noise {unknown}
 s - 2 scrolls of recharging {unknown}
 v - a scroll of magic mapping {unknown}
 x - 6 scrolls of amnesia {unknown}
 y - 4 scrolls of enchant weapon {unknown}
 H - a scroll of fear {unknown}
 L - a scroll of enchant armour {unknown}
 O - 2 scrolls of immolation {unknown}
 Q - a scroll of identify
 T - a scroll of acquirement {unknown}
Potions
 e - a potion of agility
 h - 8 potions of curing
 i - a potion of haste
 l - 2 potions of invisibility
 m - a potion of cure mutation {unknown}
 A - a potion of lignification {unknown}
 B - 2 potions of might
 J - 2 potions of degeneration {unknown}
 M - a potion of brilliance {unknown}
 P - a potion of mutation {unknown}
 X - a potion of magic {unknown}
Books
 b - a book of Conjurations

   Spells                             Type                      Level
   a - Magic Dart                     Conjuration                  1
   b - Searing Ray                    Conjuration                  2
   c - Dazzling Spray                 Conjuration/Hexes            3
   d - Fulminant Prism                Conjuration/Hexes            4
   e - Iskenderun's Mystic Blast      Conjuration                  4
   f - Iskenderun's Battlesphere      Conjuration/Charms           5
 Y - a book of Dreams

   Spells                             Type                      Level
   a - Ensorcelled Hibernation        Hexes/Ice                    2
   b - Silence                        Hexes/Air                    5
   c - Darkness                       Hexes                        6
   d - Shadow Creatures               Summoning                    6
Miscellaneous
 V - a lamp of fire
Comestibles
 c - 14 bread rations
 g - 2 royal jellies
 n - a beef jerky
 u - 3 meat rations
 E - 3 fruits
 G - 2 slices of pizza


   Skills:
 * Level 5.9 Fighting
 + Level 3.2 Dodging
 - Level 2.1 Stealth
 - Level 5.1 Shields
 * Level 14.3 Spellcasting
 - Level 9.8 Conjurations
 - Level 1.0 Charms
 * Level 1.5 Fire Magic
 * Level 2.0 Evocations


You had 24 spell levels left.
You knew the following spells:

 Your Spells              Type           Power        Failure   Level  Hunger
a - Magic Dart            Conj           ####         1%          1    None
b - Iskenderun's Battles  Conj/Chrm      #####...     12%         5    ###....
c - Searing Ray           Conj           ######       1%          2    None
d - Iskenderun's Mystic   Conj           ######..     1%          4    None
e - Throw Flame           Conj/Fire      #####.       1%          2    None


Dungeon Overview and Level Annotations

Branches:
Dungeon (10/15)            Temple (1/1) D:7
   Lair: D:8-11         Orc: D:9-12

Altars:
Ashenzari
Cheibriados
Dithmenos
Elyvilon
Fedhas
Gozag
Kikubaaqudgha
Makhleb
Nemelex Xobeh
Okawaru
Pakellas
Qazlal
Ru
Sif Muna
Trog
Vehumet
Xom
Yredelemnul
Zin
The Shining One

Shops:
D:5 }


Message History

Confirm with . or Enter, or press ? or * to list all spells.
You don't have enough magic to cast that spell.
Unknown command.
The skeletal warrior misses you.
You see here 2 stones.
You hit the skeletal warrior but do no damage.
The skeletal warrior is heavily damaged.
You block the skeletal warrior's attack.
Casting: Magic Dart
Confirm with . or Enter, or press ? or * to list all spells.
Aiming: Magic Dart
Press: ? - help, Shift-Dir - straight line, f/p - skeletal warrior
Aim: a skeletal warrior, wielding a flail of protection (heavily damaged)
The magic dart hits the skeletal warrior.
The skeletal warrior is heavily damaged.
Your battlesphere fires!
The barrage of energy hits the skeletal warrior.
The skeletal warrior is heavily damaged.
The skeletal warrior hits you with a flail of protection!
You die...

######## #.......
###..... #*........
.###### #....# ...
........ #..(.# ...
..###### #..(z###.#
..# #.###@##.# ##.#
#..###(#.# ##..#
##..####.####...#
##.....⌠.......######
##..####.####........(
#..###.#.# ##.[###...
#.###.##.# ##.# #...
#....###.## ..# #...
##...##...## ..## #...


You could see a skeletal warrior and a friendly battlesphere.

Vanquished Creatures
  Josephine (D:10)
  A centaur warrior (D:10)
  The ghost of theElss the Thaumaturge, a novice HECj of Vehumet (D:10)
  An unseen horror (D:10)
  A manticore (D:10)
  A gargoyle (D:10)
  2 trolls
  A spriggan (D:7)
  A vampire (D:9)
  3 wraiths
  4 yaks (D:10)
  A wyvern (D:8)
  2 hippogriffs
  2 hungry ghosts (D:9)
  A mottled dragon (D:10)
  Menkaure (D:6)
  Duvessa (D:6)
  A black bear (D:8)
  An ice beast (D:7)
  4 orc warriors
  2 sky beasts
  A wasp (D:9)
  5 ogres
  4 centaurs
  A crocodile (D:7)
  A big kobold (D:9)
  9 giant frogs
  3 scorpions
  Dowan (D:6)
  3 killer bees (D:7)
  11 wights
  An electric eel (D:8)
  2 howler monkeys (D:9)
  2 jellies (D:9)
  2 crimson imps
  A centaur zombie (D:5)
  9 orc priests
  Crazy Yiuf (D:6)
  2 centaur skeletons
  A giant frog skeleton (D:4)
  A hound (D:9)
  9 orc wizards
  An iguana (D:6)
  14 worker ants
  A killer bee zombie (D:9)
  A hound zombie (D:7)
  A worker ant zombie (D:6)
  11 adders
  3 shadow imps
  2 adder skeletons
  2 worms (D:3)
  4 dart slugs
  9 giant geckos
  33 orcs
  3 ball pythons
  2 bat zombies
  3 giant cockroaches
  8 goblins
  6 hobgoblins
  3 jackals (D:1)
  13 kobolds
  9 quokkas
  7 bats
  A giant cockroach zombie (D:6)
  A giant gecko skeleton (D:4)
  A giant gecko zombie (D:6)
  4 giant newts
  5 rats
  A rat zombie (D:3)
  A fungus (D:6)
253 creatures vanquished.

Vanquished Creatures (others)
  A wolf spider (D:2)
1 creature vanquished.

Grand Total: 254 creatures vanquished

Notes
Turn   | Place    | Note
--------------------------------------------------------------
     0 | D:1      | theElss the High Elf Conjurer began the quest for the Orb.
     0 | D:1      | Reached XP level 1. HP: 11/11 MP: 4/4
   246 | D:1      | Reached XP level 2. HP: 17/17 MP: 4/6
   474 | D:1      | Reached skill level 5 in Conjurations
   936 | D:1      | Reached skill level 3 in Spellcasting
  1009 | D:1      | Learned a level 2 spell: Searing Ray
  1103 | D:1      | Reached XP level 3. HP: 21/21 MP: 6/8
  1650 | D:2      | Found a burning altar of Makhleb.
  2075 | D:2      | Reached XP level 4. HP: 27/27 MP: 5/10
  2286 | D:2      | Reached skill level 4 in Spellcasting
  2506 | D:2      | Found an oddly glowing altar of Pakellas.
  2506 | D:2      | Noticed a wolf spider
  2513 | D:2      | Killed a wolf spider
  2854 | D:3      | Found a stormy altar of Qazlal.
  3395 | D:3      | Found an opulent altar of Gozag.
  3592 | D:3      | Reached XP level 5. HP: 28/31 MP: 5/13
  3601 | D:3      | Learned a level 4 spell: Iskenderun's Mystic Blast
  3706 | D:3      | Found an ancient bone altar of Kikubaaqudgha.
  3736 | D:3      | Found a shadowy altar of Dithmenos.
  3977 | D:4      | Reached skill level 5 in Spellcasting
  4481 | D:4      | Found a blossoming altar of Fedhas.
  4732 | D:4      | Reached XP level 6. HP: 37/37 MP: 10/15
  4828 | D:5      | Entered Level 5 of the Dungeon
  4871 | D:5      | Reached skill level 1 in Fighting
  4871 | D:5      | Reached skill level 6 in Spellcasting
  5377 | D:5      | Reached skill level 1 in Shields
  5409 | D:5      | Found Atwi's Gadget Boutique.
  5571 | D:5      | Reached XP level 7. HP: 22/43 MP: 13/18
  5814 | D:5      | Reached skill level 7 in Spellcasting
  6633 | D:6      | Noticed Menkaure
  6639 | D:6      | Killed Menkaure
  6854 | D:6      | Reached skill level 8 in Spellcasting
  6854 | D:6      | Reached XP level 8. HP: 50/50 MP: 12/21
  7859 | D:6      | Noticed Duvessa
  7859 | D:6      | Noticed Dowan
  7863 | D:6      | Killed Dowan
  7863 | D:6      | Reached skill level 9 in Spellcasting
  7864 | D:6      | Killed Duvessa
  8469 | D:6      | Noticed Crazy Yiuf
  8472 | D:6      | Killed Crazy Yiuf
  8771 | D:7      | Reached skill level 10 in Spellcasting
  8771 | D:7      | Reached XP level 9. HP: 33/57 MP: 16/24
  9448 | D:7      | Found a deep blue altar of Sif Muna.
  9658 | D:7      | Reached skill level 11 in Spellcasting
  9930 | D:7      | Found a staircase to the Ecumenical Temple.
  9950 | Temple   | Entered the Ecumenical Temple
 10050 | Temple   | Became a worshipper of Vehumet
 11209 | D:9      | Found a shattered altar of Ashenzari.
 11230 | D:9      | Noticed a troll
 11234 | D:9      | Killed a troll
 11376 | D:9      | Reached XP level 10. HP: 64/65 MP: 7/26
 11544 | D:8      | Reached skill level 12 in Spellcasting
 12126 | D:8      | Learned a level 5 spell: Iskenderun's Battlesphere
 12421 | D:9      | Reached * piety under Vehumet
 12421 | D:9      | Offered knowledge of Sandblast by Vehumet.
 12999 | D:9      | Reached skill level 5 in Fighting
 13609 | D:10     | Entered Level 10 of the Dungeon
 13717 | D:10     | Noticed a manticore
 13723 | D:10     | Killed a manticore
 13723 | D:10     | Reached skill level 13 in Spellcasting
 13830 | D:10     | Noticed a gargoyle
 13841 | D:10     | Killed a gargoyle
 13953 | D:10     | Noticed theElss's ghost (novice HECj)
 13956 | D:10     | Killed theElss's ghost
 13956 | D:10     | Reached skill level 5 in Shields
 14170 | D:10     | Reached skill level 1 in Charms
 14198 | D:10     | Noticed Josephine
 14206 | D:10     | Reached XP level 11. HP: 67/72 MP: 17/29
 14225 | D:10     | Killed Josephine
 14225 | D:10     | Reached ** piety under Vehumet
 14225 | D:10     | Reached skill level 1 in Evocations
 14296 | D:9      | Offered knowledge of Throw Flame by Vehumet.
 14335 | D:9      | Learned a level 2 spell: Throw Flame
 14782 | D:10     | Reached skill level 14 in Spellcasting
 14810 | D:10     | Killed an unseen horror
 14810 | D:10     | Reached skill level 1 in Fire Magic
 15130 | D:10     | Noticed a centaur warrior
 15134 | D:10     | Killed a centaur warrior
 15137 | D:10     | Noticed a skeletal warrior
 15149 | D:10     | Mangled by a skeletal warrior

Skill      XL: |  1  2  3  4  5  6  7  8  9 10 11 |
---------------+----------------------------------+-----
Conjurations   | 5 6 7 8 9 |  9.8
Spellcasting   | 3 4 5 6 8 10 11 13 14 | 14.3
Fighting       | 1 2 3 4 5 |  5.9
Shields        | 1 2 3 4 5 |  5.1
Charms         | 1 |  1.0
Evocations     | 2 |  2.0
Dodging        | 3 |  3.2
Fire Magic     | 1 |  1.5
Stealth        | |  2.1

Action                   |  1- 3 |  4- 6 |  7- 9 | 10-12 || total
-------------------------+-------+-------+-------+-------++-------
Melee: Unarmed           |     2 |       |       |       ||     2
       Flail             |       |       |       |     9 ||     9
 Cast: Magic Dart        |    69 |    81 |   145 |   147 ||   442
       Searing Ray       |     3 |    17 |    56 |    19 ||    95
       Iskenderun's Myst |       |     1 |    30 |    57 ||    88
       Iskenderun's Batt |       |       |       |    15 ||    15
  Use: Scroll            |       |       |     7 |     1 ||     8
       Potion            |       |       |       |     5 ||     5
  Eat: Chunk             |     4 |    10 |    25 |    17 ||    56
Armor: Robe              |     2 |    11 |    20 |    44 ||    77
Dodge: Dodged            |    11 |    16 |    44 |    67 ||   138
Block: Buckler           |       |       |    16 |    32 ||    48
